 Dungeon Crawl Stone Soup version 0.32-a0-126-g9fbf7fb75a (webtiles) character file.

Game seed: 11258289723049835437

590 Essalna the Digger (level 7, 0/36 HPs)
             Began as a Gargoyle Earth Elementalist on Jan 20, 2024.
             Was an Initiate of Vehumet.
             Slain by Duvessa
             ... wielding a +0 rapier
              (10 damage)
             ... on level 4 of the Dungeon on Feb 7, 2024.
             The game lasted 00:05:53 (3319 turns).

Essalna the Digger (Gargoyle Earth Elementalist)    Turns: 3319, Time: 00:05:53

Health: 0/36       AC:  7    Str: 12    XL:     7   Next: 39%
Magic:  5/13       EV: 11    Int: 17    God:    Vehumet [......]
Gold:   247        SH:  0    Dex: 10    Spells: 14/15 levels left

rFire   . . .        (no weapon)
rCold   . . .        (no shield)
rNeg    + . .        a - +0 robe
rPois   ∞            (no helmet)
rElec   +            c - +0 cloak
rCorr   .            (no gloves)
SInv    .            (no boots)
Will    .....        (no amulet)
Stlth   ++           (no ring)
HPRegen 0.26/turn    (no ring)
MPRegen 0.13/turn

%: no passive effects
@: no status effects
A: sickness immunity, AC +4, negative energy resistance 1, electricity
resistance, torment resistance 1, petrification resistance
a: Renounce Religion


You were on level 4 of the Dungeon.
You worshipped Vehumet.
Vehumet was noncommittal.
You visited 2 branches of the dungeon, and saw 5 of its levels.

You collected 247 gold pieces.

Inventory:

Armour
 a - a +0 robe (worn)
 c - a +0 cloak (worn)
Scrolls
 d - a scroll of fog {unknown}
 h - a scroll of noise {unknown}
 j - 3 scrolls of identify {unknown}
 k - a scroll of poison {unknown}
 l - a scroll of enchant armour {unknown}
 n - a scroll of immolation {unknown}
Potions
 b - a potion of magic
 e - a potion of cancellation {unknown}
 f - 4 potions of curing {unknown}
 g - a potion of invisibility {unknown}
 i - a potion of might {unknown}
 m - a potion of degeneration {unknown}


   Skills:
 - Level 1.5 Dodging
 - Level 2.1 Stealth
 + Level 4.5 Spellcasting
 + Level 4.8 Conjurations
 + Level 6.4 Earth Magic


You had 14 spell levels left.
You knew the following spells:

 Your Spells              Type           Power      Damage    Failure   Level
a - Sandblast             Erth           50%        2d12      1%          1

Your spell library contained the following spells:

 Spells                   Type           Power      Damage    Failure   Level
 Passwall                 Erth           25%        N/A       3%          3
 Stone Arrow              Conj/Erth      44%        3d9       4%          3
 Brom's Barrelling Bould  Conj/Erth      22%        2d4       16%         4
 Hailstorm                Conj/Ice       12%        3d6       17%         3
 Petrify                  Alch/Erth      14%        N/A       36%         4
 Fugue of the Fallen      Necr           3%         N/A       41%         3
 Ozocubu's Armour         Ice            3%         N/A       41%         3
 Summon Ice Beast         Ice/Summ       3%         N/A       41%         3
 Ignite Poison            Fire/Alch      3%         N/A       83%         4
 Manifold Assault         Tloc           3%         N/A       83%         4
 Freezing Cloud           Conj/Ice/Air   4%         6-21      91%         5
 Sculpt Simulacrum        Ice/Alch       1%         N/A       100%        6
 Cigotuvi's Dreadful Rot  Necr/Alch/Air  Unusable   N/A       N/A         2

Dungeon Overview and Level Annotations

Branches:
Dungeon (4/15)             Temple (1/1) D:4

Altars:
Ashenzari
Cheibriados
Dithmenos
Elyvilon
Gozag
Hepliaklqana
Makhleb
Nemelex Xobeh
Okawaru
Qazlal
Ru
Trog
Vehumet
The Shining One

Annotations:
D:4 Dowan, Duvessa


Innate Abilities, Weirdness & Mutations

You are immune to sickness and miasma.
Your stone body is resilient. (AC +4)
You are immune to poison.
You resist negative energy. (rN+)
You are resistant to electric shocks. (rElec)
You are resistant to unholy torment.
You are immune to petrification.


Message History

Aim: Duvessa, wielding a +0 rapier and wearing a +3 chain mail of willpower (moderately wounded, 90% to hit)
The blast of sand hits Duvessa but does no damage.
Duvessa is moderately wounded.
Duvessa hits you with a +0 rapier. Duvessa hits you with a +0 rapier!
Casting: Sandblast (safe; 1% risk of failure)
Confirm with . or Enter, or press ? or * to list all spells.
Aiming: Sandblast (safe; 1% risk of failure)
Press: ? - help, Shift-Dir - straight line, f/p - Duvessa
Aim: Duvessa, wielding a +0 rapier and wearing a +3 chain mail of willpower (moderately wounded, 90% to hit)
The blast of sand hits Duvessa but does no damage.
Duvessa is moderately wounded.
Duvessa closely misses you.
Casting: Sandblast (safe; 1% risk of failure)
Confirm with . or Enter, or press ? or * to list all spells.
Aiming: Sandblast (safe; 1% risk of failure)
Press: ? - help, Shift-Dir - straight line, f/p - Duvessa
Aim: Duvessa, wielding a +0 rapier and wearing a +3 chain mail of willpower (moderately wounded, 90% to hit)
The blast of sand hits Duvessa but does no damage.
Duvessa is moderately wounded.
Duvessa hits you with a +0 rapier! Duvessa closely misses you.
Casting: Sandblast (safe; 1% risk of failure)
Confirm with . or Enter, or press ? or * to list all spells.
Aiming: Sandblast (safe; 1% risk of failure)
Press: ? - help, Shift-Dir - straight line, f/p - Duvessa
Aim: Duvessa, wielding a +0 rapier and wearing a +3 chain mail of willpower (moderately wounded, 90% to hit)
The blast of sand hits Duvessa but does no damage.
Duvessa is moderately wounded.
Dowan casts a spell.
Dowan blinks!
Duvessa hits you with a +0 rapier.
Casting: Sandblast (safe; 1% risk of failure)
Confirm with . or Enter, or press ? or * to list all spells.
Aiming: Sandblast (safe; 1% risk of failure)
Press: ? - help, Shift-Dir - straight line, f/p - Duvessa
Aim: Duvessa, wielding a +0 rapier and wearing a +3 chain mail of willpower (moderately wounded, 90% to hit)
The blast of sand hits Duvessa but does no damage.
Duvessa is moderately wounded.
Duvessa hits you with a +0 rapier!
* * * LOW HITPOINT WARNING * * *
Duvessa hits you with a +0 rapier!
You die...

############ )..........##
####........## ###
#..........#######.#######
#...........ee@.##........
#..........####...........
#..........######.........
#..........#......÷.).....
##........##.......######
##........######.>.#######
###..........# #..)......#
.............# ##..###..#
###..........# ##..###.##


You could see Duvessa and Dowan.

Vanquished Creatures
  A sky beast (D:4)
  An ogre (D:4)
  A phantom (D:4)
  A scorpion (D:3)
  2 hounds
  2 orc priests (D:4)
  A jelly (D:3)
  5 adders
  A dart slug (D:4)
  3 ribbon worms
  3 orcs
  3 ball pythons
  9 endoplasms
  4 giant cockroaches
  7 goblins
  8 hobgoblins
  4 jackals (D:2)
  5 quokkas
  2 bats
  3 frilled lizards
  7 kobolds
  4 rats
77 creatures vanquished.

Notes
Turn   | Place    | Note
-------+----------+-------------------------------------------
     0 | D:1      | Essalna the Gargoyle Earth Elementalist began the quest for
                  | the Orb.
     0 | D:1      | Reached XP level 1. HP: 10/10 MP: 3/3
   231 | D:1      | Reached XP level 2. HP: 15/15 MP: 3/5
   635 | D:1      | Found a faded altar of an unknown god.
   712 | D:1      | Reached skill level 4 in Earth Magic
  1004 | D:2      | Reached XP level 3. HP: 19/19 MP: 3/6
  1729 | D:2      | Reached XP level 4. HP: 24/24 MP: 3/8
  2298 | D:3      | Reached XP level 5. HP: 28/28 MP: 6/9
  2495 | D:4      | Reached skill level 5 in Earth Magic
  2648 | D:3      | Reached XP level 6. HP: 32/32 MP: 5/11
  2756 | D:4      | Found a stormy altar of Qazlal.
  2756 | D:4      | Noticed a sky beast
  2767 | D:4      | Killed a sky beast
  3084 | D:4      | Found a staircase to the Ecumenical Temple.
  3099 | D:4      | Reached skill level 6 in Earth Magic
  3099 | D:4      | Reached XP level 7. HP: 36/36 MP: 9/13
  3118 | Temple   | Entered the Ecumenical Temple
  3204 | Temple   | Became a worshipper of Vehumet
  3236 | D:4      | Upgraded the game from 0.32-a0-32-g978bd804de to
                  | 0.32-a0-126-g9fbf7fb75a
  3271 | D:4      | Noticed Duvessa
  3273 | D:4      | Noticed Dowan
  3319 | D:4      | Slain by Duvessa

Illustrated notes

Levels and vault maps discovered:
D:1:      ldierk_walled_garden_2, layout_basic,
          shapermc_ecumenical_altar_acropolis, interstate_on_off
D:2:      layout_basic, minmay_pentomino_q4
D:3:      layout_rooms, minmay_crystal_water
D:4:      layout_rooms, nicolae_qazlal_beasts_of_the_sky,
          minmay_temple_entry_offerings, uniq_duvessa
Temple:   nicolae_temple_figure_eight

Skill      XL: |  1  2  3  4  5  6 |
---------------+-------------------+-----
Earth Magic    | 4 5 6 |  6.4
Conjurations   | 2 3 4 |  4.8
Spellcasting   | 3 4 |  4.5
Dodging        | |  1.5
Stealth        | |  2.1

Action                     |  1- 3 |  4- 6 |  7- 9 || total
---------------------------+-------+-------+-------++-------
  Melee: Unarmed           |     6 |       |    16 ||    22
         Punch             |       |       |     3 ||     3
   Cast: Sandblast         |    56 |    73 |    25 ||   154
 Armour: Robe              |    19 |    35 |    36 ||    90
  Dodge: Dodged            |    18 |    28 |    30 ||    76

Table legend: (Time is in decaauts)
 A = Elapsed time spent in this place.
 B = Non-inter-level travel time spent in this place.
 C = Inter-level travel time spent in this place.
 D = Time resting spent in this place.
 E = Time spent auto-exploring this place.
 F = Levels seen in this place.
 G = Mean time per level.
                   A        B        C        D        E       F      G
               +--------+--------+--------+--------+--------+-----+--------+
         Total |   3400 |   3253 |    147 |    168 |   2558 |   5 |  680.0 |
       Dungeon |   3294 |   3187 |    107 |    168 |   2494 |   4 |  823.5 |
        Temple |    106 |     66 |     40 |      0 |     64 |   1 |  106.0 |
               +--------+--------+--------+--------+--------+-----+--------+

Top non-repeatable levels by time:
     D:2: 950 daAuts
     D:1: 937 daAuts
     D:3: 786 daAuts
     D:4: 620 daAuts
  Temple: 106 daAuts
